 Dungeon Crawl Stone Soup version 0.31-a0-204-g7da18cac08 (webtiles) character file.

Game seed: 10801794120938944948

123 qw the Skirmisher (level 4, -7/25 HPs)
             Began as a Deep Elf Hunter on June 27, 2023.
             Mangled by an orc
             ... wielding a +6 flail of protection
              (10 damage)
             ... on level 3 of the Dungeon.
             The game lasted 00:00:47 (1915 turns).

qw the Skirmisher (Deep Elf Hunter)                 Turns: 1915, Time: 00:00:48

Health: -7/25      AC:  5    Str: 10    XL:     4   Next: 80%
Magic:  6/6        EV: 11    Int: 14    God:
Gold:   78         SH:  0    Dex: 18    Spells: 3/3 levels left

rFire   . . .        Y - +0 shortbow
rCold   . . .        (shield currently unavailable)
rNeg    . . .        i - +0 ring mail
rPois   .            (no helmet)
rElec   .            (no cloak)
rCorr   .            (no gloves)
SInv    .            (no boots)
Will    .....        d - amulet of regeneration
Stlth   +            (no ring)
HPRegen 1.04/turn    (no ring)
MPRegen 0.10/turn

%: no passive effects
@: no status effects
A: no striking features
a: no special abilities


You were on level 3 of the Dungeon.
You visited 1 branch of the dungeon, and saw 3 of its levels.

You collected 126 gold pieces.
You spent 48 gold pieces at shops.


   Skills:
 - Level 1.5 Fighting
 + Level 8.2 Ranged Weapons
 - Level 2.4 Dodging
 - Level 1.2 Stealth


You had 3 spell levels left.
You didn't know any spells.
Your spell library was empty.

Inventory:

Hand Weapons
 Y - a +0 shortbow (weapon)
Armour
 i - a +0 ring mail (worn)
Jewellery
 d - an amulet of regeneration (around neck)
Scrolls
 a - a scroll of amnesia {unknown}
 b - 2 scrolls of identify
 c - a scroll of vulnerability {unknown}
Potions
 f - 2 potions of might
 j - a potion of enlightenment
 k - a potion of curing

Dungeon Overview and Level Annotations

Branches:
Dungeon (3/15)

Altars:

Shops:
D:2 [


Message History

The orc shouts!
The arrow hits the orc.
The orc is severely wounded.
You shoot an arrow. The arrow closely misses the orc.
The orc hits you with a +0 mace.
You shoot an arrow.
The arrow hits the orc but does no damage.
The orc is severely wounded.
The orc hits you with a +0 hand axe. The orc closely misses you.
You shoot an arrow. The arrow hits the orc.
The orc is severely wounded.
An orc comes into view.
It is wielding a +6 flail of protection.
The orc closely misses you. The orc hits you with a +0 mace.
You shoot an arrow.
The arrow hits the orc but does no damage.
The orc is severely wounded.
The orc hits you with a +0 hand axe. The orc hits you with a +0 mace.
You shoot an arrow.
The arrow hits the orc but does no damage.
The orc is severely wounded.
The orc barely misses you. The orc hits you with a +0 mace.
The orc closely misses you.
You shoot an arrow. The arrow hits the orc.
The orc is almost dead.
The orc hits you with a +0 hand axe. x2; The orc hits you with a +0 mace.
You shoot an arrow. The arrow hits the orc.
You kill the orc!
The orc hits you but does no damage. x2
You shoot an arrow. The arrow hits the orc.
The orc is almost dead.
The orc hits you with a +0 hand axe. The orc hits you with a +0 dagger.
The orc hits you with a +0 hand axe.
You shoot an arrow. The arrow hits the orc.
You kill the orc!
The orc hits you with a +0 hand axe. The orc hits you with a +0 dagger.
You shoot an arrow. The arrow hits the orc!
The orc is almost dead.
The orc barely misses you. The orc hits you but does no damage.
The orc hits you with a +6 flail of protection!
You die...

#...... #.##..# #.##..#
#.##..# ###.##..# #####
#.......######.#
....####..............#
##.............#.####.#
#..####[.....##@# #..#
#.......ooo....# #..#
######...oo...... #..#
#............
##.<######
#....).###.#.
##...............## #
......#######.....
##........ .....(
......####


You could see 5 orcs.

Vanquished Creatures
  Natasha (D:3)
  3 adders
  2 worms
  A dart slug (D:1)
  3 orcs (D:3)
  2 ball pythons
  4 endoplasms
  3 giant cockroaches
  6 goblins
  2 hobgoblins
  2 jackals (D:2)
  9 kobolds
  7 quokkas
  9 bats
  A frilled lizard (D:1)
  2 rats
57 creatures vanquished.

Notes
Turn   | Place    | Note
-------+----------+-------------------------------------------
     0 | D:1      | qw the Deep Elf Hunter began the quest for the Orb.
     0 | D:1      | Reached XP level 1. HP: 12/12 MP: 3/3
     0 | D:1      | 0 ||| qw: Version: 0.3-a-22-g0ed2b0b
     0 | D:1      | 0 ||| qw: Game counter: 6569
     0 | D:1      | 0 ||| qw: Melee chars always use a shield: true
     0 | D:1      | 0 ||| qw: God list: Okawaru
     0 | D:1      | 0 ||| qw: Allow faded altars: false
     0 | D:1      | 0 ||| qw: Do Orc after clearing Dungeon:15 true
     0 | D:1      | 0 ||| qw: Do second Lair branch before Depths: true
     0 | D:1      | 0 ||| qw: Lair rune preference: random
     0 | D:1      | 0 ||| qw: Goals: Normal
     0 | D:1      | 0 ||| PLANNING D:1-11
   114 | D:1      | Reached skill level 6 in Ranged Weapons
   114 | D:1      | Reached XP level 2. HP: 16/16 MP: 4/4
   767 | D:1      | Reached XP level 3. HP: 20/20 MP: 5/5
   775 | D:1      | 775 ||| READING scroll labelled GEOTHUHYKO.
   776 | D:1      | 776 ||| READING scroll labelled VUHAUX ON OCEENTA.
   777 | D:1      | 777 ||| READING 3 scrolls labelled COSOZE NYALOT.
   778 | D:1      | 778 ||| READING scroll labelled RIEMPA PURPHORCH.
   814 | D:1      | 814 ||| DRINKING 2 white potions.
   815 | D:1      | 815 ||| DRINKING 2 glowing inky potions.
   816 | D:1      | 816 ||| DROPPING scroll of butterflies.
   817 | D:1      | 817 ||| DROPPING 2 scrolls of blinking.
   968 | D:2      | Identified the +2 spear of Ecwoireh {spect, Will+}
  1098 | D:2      | Reached skill level 7 in Ranged Weapons
  1115 | D:2      | Found Loats's Armour Shop.
  1126 | D:2      | 1126 ||| BUYING +0 ring mail (48 gold).
  1126 | D:2      | Bought a +0 ring mail for 48 gold pieces
  1126 | D:2      | 1126 ||| SHOPLISTING +1 pair of boots (138 gold, have 16).
  1126 | D:2      | 1126 ||| SHOPLISTING +2 pair of gloves "Qumuh" {Rampage
                  | Str+2 Int+3} (384 gold, have 16).
  1373 | D:2      | Reached XP level 4. HP: 18/25 MP: 6/6
  1610 | D:2      | 1610 ||| UPGRADING to +0 ring mail.
  1620 | D:2      | 1620 ||| DROPPING +0 leather armour.
  1621 | D:2      | 1621 ||| UPGRADING to amulet of regeneration.
  1626 | D:2      | 1626 ||| DROPPING amulet of guardian spirit.
  1627 | D:2      | 1627 ||| READING scroll labelled LEMEYM PITRUNK.
  1628 | D:2      | 1628 ||| READING scroll labelled USSIGI KINEO.
  1629 | D:2      | 1629 ||| READING scroll labelled OTTISUSCHADDIOMA.
  1632 | D:2      | 1632 ||| READING 3 scrolls labelled OCARHI PERYW.
  1633 | D:2      | 1633 ||| READING 3 scrolls of identify.
  1633 | D:2      | 1633 ||| IDENTIFYING fuming purple potion
  1634 | D:2      | 1634 ||| READING 2 scrolls of identify.
  1634 | D:2      | 1634 ||| IDENTIFYING grey potion
  1635 | D:2      | 1635 ||| DROPPING potion of magic.
  1636 | D:2      | 1636 ||| DROPPING 2 scrolls of fear.
  1770 | D:3      | Noticed Natasha
  1775 | D:3      | Killed Natasha
  1776 | D:3      | Reached skill level 8 in Ranged Weapons
  1914 | D:3      | HP: 6/25 [orc/+0 hand axe (2)]
  1914 | D:3      | HP: 2/25 [orc/+0 dagger (4)]
  1915 | D:3      | Mangled by an orc

Levels and vault maps discovered:
D:1:      psy_arrival_conway, layout_basic, minmay_tromino_i2
D:2:      layout_loops_ring, serial_shops, nicolae_shop_gibbet_a_chance,
          minmay_misc_feat_hallway
D:3:      layout_loops_ring, uniq_natasha

Skill      XL: |  1  2  3  4 |
---------------+-------------+-----
Ranged Weapons | 6 7 8 |  8.2
Fighting       | |  1.5
Dodging        | |  2.4
Stealth        | |  1.2

Action                     |  1- 3 |  4- 6 || total
---------------------------+-------+-------++-------
   Fire: Shortbow          |   124 |    53 ||   177
    Use: Scroll            |     4 |     6 ||    10
         Potion            |     2 |       ||     2
 Armour: Leather armour    |    16 |     3 ||    19
         Ring mail         |       |     6 ||     6
  Dodge: Dodged            |    25 |    22 ||    47

Table legend:
 A = Non-vault XP
 B = Vault XP
 C = Vault XP percentage of total XP
 D = Non-vault monster count
 E = Vault monster count
 F = Vault count percentage of total count
                 A         B        C        D         E       F
            +---------+---------+-------+---------+---------+-------
      Total |     140 |      37 |  20.9 |      54 |       3 |   5.3
            +---------+---------+-------+---------+---------+-------
        D:1 |      38 |       4 |   9.5 |      22 |       2 |   8.3
        D:2 |      70 |       0 |   0.0 |      24 |       0 |   0.0
        D:3 |      32 |      33 |  50.8 |       8 |       1 |  11.1
            +---------+---------+-------+---------+---------+-------
